 Dungeon Crawl Stone Soup version 0.32-a0-630-g46d191b0ed (webtiles) character file.

Game seed: 14894892996490876087

74 gimp the Slasher (level 4, -7/38 HPs)
             Began as a Draconian Warper on Mar 6, 2024.
             Killed by nerve-wracking pain
             ... invoked by an orc priest
              (13 damage)
             ... on level 3 of the Dungeon.
             The game lasted 00:05:28 (2814 turns).

gimp the Slasher (Draconian Warper)                 Turns: 2814, Time: 00:05:29

Health: -7/38      AC:  5    Str: 14    XL:     4   Next: 10%
Magic:  7/7        EV: 17    Int: 13    God:
Gold:   205        SH:  0    Dex: 12    Spells: 7/7 levels left

rFire   . . .        a - +0 falchion
rCold   . . .        (no shield)
rNeg    . . .        (body armour unavailable)
rPois   .            (helmet restricted)
rElec   .            (no cloak)
rCorr   .            (no gloves)
SInv    .            (no boots)
Will    .....        (no amulet)
Stlth   +            o - +5 ring of evasion
HPRegen 0.26/turn    (no ring)
MPRegen 0.10/turn

%: no passive effects
@: no status effects
A: AC +5, unfitting armour, cold-blooded
a: Convert to Beogh


You were on level 3 of the Dungeon.
You visited 1 branch of the dungeon, and saw 4 of its levels.

You collected 205 gold pieces.

Inventory:

Hand Weapons
 a - a +0 falchion (weapon)
Missiles
 c - 4 darts of dispersal (quivered)
 d - 15 poisoned darts
Armour
 i - a +0 pair of boots
Jewellery
 o - a +5 ring of evasion (left hand)
Scrolls
 b - a scroll of blinking
 e - 3 scrolls of identify {unknown}
 g - 2 scrolls of teleportation {unknown}
 k - a scroll of fog {unknown}
 m - a scroll of amnesia {unknown}
 q - a scroll of acquirement {unknown}
 r - a scroll of poison {unknown}
Potions
 f - a potion of attraction {unknown}
 h - a potion of berserk rage {unknown}
 j - a potion of brilliance {unknown}
 l - 2 potions of enlightenment {unknown}
 n - a potion of might {unknown}
 p - a potion of degeneration {unknown}


   Skills:
 + Level 3.3 Fighting
 * Level 3.8 Long Blades
 - Level 0.8 Throwing
 - Level 2.1 Dodging
 - Level 2.0 Spellcasting
 - Level 3.0 Translocations


You had 7 spell levels left.
You didn't know any spells.
Your spell library contained the following spells:

 Spells                   Type           Power      Damage    Failure   Level
 Blink                    Tloc           18%        N/A       11%         2
 Lesser Beckoning         Tloc           18%        N/A       11%         2
 Teleport Other           Tloc           9%         N/A       22%         3
 Manifold Assault         Tloc           9%         N/A       58%         4
 Vhi's Electric Charge    Tloc/Air       10%        N/A       80%         4


Dungeon Overview and Level Annotations

Branches:
Dungeon (4/15)
 Temple: D:4-7

Altars:

Shops:
D:3 *


Innate Abilities, Weirdness & Mutations

Your plain brown scales are hard. (AC +5)
You cannot fit into any form of body armour.
You are cold-blooded and may be slowed by cold attacks.


Message History

The orc priest looks satisfied for a moment.
There is a stone staircase leading up here.
The orc closely misses you.
You climb upwards.
There is a stone staircase leading down here.
Clearing quiver.
You barely miss the orc. You tail-slap the orc.
The orc is lightly wounded.
The orc closely misses you.
You hit the orc.
Your tail-slap misses the orc.
The orc is almost dead.
The orc misses you.
You barely miss the orc.
The orc is almost dead.
The orc hits you with a +0 hand axe.
You take 1 damage, and have 20/38 hp.
You barely miss the orc.
Your tail-slap misses the orc.
The orc is almost dead.
The orc closely misses you.
You closely miss the orc.
Your tail-slap misses the orc.
The orc is almost dead.
The orc barely misses you. x2
You hit the orc.
You kill the orc!
You see here a +0 hand axe.
There is a stone staircase leading down here.
You start resting.
HP restored.
Health restored: 38 You climb downwards.
The orc priest looks encouraged for a moment.
There is a stone staircase leading up here.
There is a stone staircase leading up here.
You start waiting.
An orc priest is nearby!
No target in range!
You barely miss the orc priest.
The orc priest hits you but does no damage.
You hit the orc priest but do no damage.
Your tail-slap misses the orc priest.
The orc priest invokes the aid of Beogh against you.
Pain shoots through your body!
You take 3 damage, and have 35/38 hp.
You hit the orc priest but do no damage.
The orc priest closely misses you.
You hit the orc priest but do no damage.
The orc priest completely misses you.
The orc priest hits you but does no damage.
You hit the orc priest but do no damage.
The orc priest closely misses you.
You hit the orc priest.
The orc priest is lightly wounded.
The orc priest hits you with a +0 short sword.
You take 1 damage, and have 35/38 hp.
You hit the orc priest but do no damage.
The orc priest is lightly wounded.
The orc priest calls down the wrath of Beogh upon you.
Beogh smites you!
You take 10 damage, and have 25/38 hp.
MASSIVE DAMAGE!!
You hit the orc priest but do no damage.
The orc priest is lightly wounded.
The orc priest hits you with a +0 short sword.
You take 5 damage, and have 20/38 hp.
You hit the orc priest but do no damage.
The orc priest is lightly wounded.
The orc priest shouts, "Beogh offers mercy even to people such as you.
Join us and be reborn!"
The orc priest closely misses you.
You hit the orc priest.
The orc priest is moderately wounded.
The orc priest calls down the wrath of Beogh upon you.
Pain shoots through your body!
You take 6 damage, and have 15/38 hp.
You barely miss the orc priest.
The orc priest is moderately wounded.
The orc priest miscasts a cantrip.
You barely miss the orc priest.
The orc priest is moderately wounded.
The orc priest calls down the wrath of Beogh upon you.
Pain shoots through your body!
* * * LOW HITPOINT WARNING * * *
You take 9 damage, and have 6/38 hp.
MASSIVE DAMAGE!!
Okay, then.
Throw: 6 darts (disperse)
Press: ? - help, Q - select action, (/) - cycle Shift-Dir - straight line, f - orc priest
Aim: an orc priest, wielding a +0 short sword and wearing a +0 chain mail (moderately wounded, 62% to hit)
You throw a dart of dispersal.
The dart of dispersal hits the orc priest.
The orc priest blinks!
The orc priest is moderately wounded.
The orc priest shouts, "Beogh offers mercy even to people such as you.
Join us and be reborn!"
You aren't carrying any items that you can evoke.
Unknown command.
Throw: 5 darts (disperse)
Press: ? - help, Q - select action, (/) - cycle Shift-Dir - straight line, f/p - orc priest
Aim: an orc priest, wielding a +0 short sword and wearing a +0 chain mail (moderately wounded, 62% to hit)
You throw a dart of dispersal.
The dart of dispersal barely misses the orc priest.
The orc priest invokes the aid of Beogh against you.
Pain shoots through your body!
You die...

....#.#########.#....############
....#.........#.#................
...)#.........#.#...#############
....#...........#.......#
....#.#######.##........#
....#.#............o....#
....#.#.....####........#
....#...........ยง.......#
o....>.#########@...#####
.####............#'## ##
#.############.#
##################.#
...................#
####################


You could see an orc priest.

Vanquished Creatures
  2 adders (D:2)
  2 ribbon worms (D:2)
  An orc (D:2)
  9 ball pythons
  4 endoplasms
  2 giant cockroaches
  4 goblins
  4 hobgoblins
  7 bats
  4 frilled lizards
  4 kobolds
  11 rats
54 creatures vanquished.

Notes
Turn   | Place    | Note
-------+----------+-------------------------------------------
     0 | D:1      | gimp the Draconian Warper began the quest for the Orb.
     0 | D:1      | Reached XP level 1. HP: 17/17 MP: 3/3
   234 | D:1      | Reached XP level 2. HP: 25/25 MP: 5/5
   497 | D:1      | Found a faded altar of an unknown god.
   969 | D:2      | Reached XP level 3. HP: 22/30 MP: 6/6
  1822 | D:2      | Reached XP level 4. HP: 38/38 MP: 7/7
  2000 | D:3      | Found Ziop Wych's Assorted Antiques.
  2814 | D:3      | Killed from afar by an orc priest

Illustrated notes

Levels and vault maps discovered:
D:1:      roderic_octagonal_star, layout_basic,
          hellmonk_ecumenical_altar_pennies_from_heaven
D:2:      layout_basic
D:3:      layout_basic, serial_shops, nicolae_diamond_shop
D:4:      layout_loops_corners, ebering_ghost_rock_garden,
          minmay_strange_pillars, kennysheep_generic_room_4

Skill      XL: |  1  2  3 |
---------------+----------+-----
Long Blades    | 3 |  3.8
Fighting       | 3 |  3.3
Throwing       | |  0.8
Dodging        | |  2.1
Spellcasting   | |  2.0
Translocations | |  3.0

Action                     |  1- 3 |  4- 6 || total
---------------------------+-------+-------++-------
  Melee: Falchion          |   160 |    35 ||   195
         Tailslap          |    19 |     4 ||    23
  Throw: Dart              |       |     3 ||     3
 Armour: Skin              |   110 |    17 ||   127
  Dodge: Dodged            |   120 |    32 ||   152

Table legend: (Time is in decaauts)
 A = Elapsed time spent in this place.
 B = Non-inter-level travel time spent in this place.
 C = Inter-level travel time spent in this place.
 D = Time resting spent in this place.
 E = Time spent auto-exploring this place.
 F = Levels seen in this place.
 G = Mean time per level.
                   A        B        C        D        E       F      G
               +--------+--------+--------+--------+--------+-----+--------+
         Total |   2844 |   2819 |     25 |     65 |   2236 |   4 |  711.0 |
       Dungeon |   2844 |   2819 |     25 |     65 |   2236 |   4 |  711.0 |
               +--------+--------+--------+--------+--------+-----+--------+

Top non-repeatable levels by time:
     D:2: 1127 daAuts
     D:1: 934 daAuts
     D:3: 781 daAuts
     D:4: 1 daAuts
